[Event "CCT Chessable Masters Play-In 2025"]
[Site "Online"]
[Date "2025.02.17"]
[Round "1.77"]
[White "Madaminov, Mukhiddin"]
[Black "Munkhgal, Gombosuren"]
[Result "1-0"]
[ECO "C58"]
[WhiteElo "2521"]
[BlackElo "2406"]
[PlyCount "125"]
[EventDate "2025.02.13"]
[EventType "swiss"]
[EventCountry "NET"]
[TimeControl "600"]
[WhiteClock "0:00:55"]
[BlackClock "0:00:01"]

1. e4 e5 2. Nf3 Nc6 3. Bc4 Nf6 4. Ng5 d5 5. exd5 Na5 6. Bb5+ c6 7. dxc6 bxc6 8. Bd3 h6 9. Ne4 Nd5 10. O-O Nf4 11. Be2 f5 12. Ng3 Bc5 13. c3 Bb6 14. d4 Nxe2+ 15. Qxe2 O-O 16. b4 Nb7 17. dxe5 f4 18. Qc4+ Kh8 19. Bxf4 Qh4 20. Ne2 g5 21. Nd2 gxf4 22. Nf3 Qg4 23. h3 Qg8 24. Qxc6 Qe6 25. Qe4 Qf5 26. Qxf5 Bxf5 27. Nxf4 Be4 28. Ne6 Rg8 29. Nh4 Rae8 30. Nd4 Bd8 31. Nhf3 Ref8 32. Kh2 Bb6 33. Rae1 Bd5 34. Re3 Bxd4 35. cxd4 Nd8 36. Nh4 Rf4 37. g4 Ne6 38. Kg3 Kh7 39. f3 Rxd4 40. Ra3 Ra8 41. Nf5 Rxb4 42. Rd1 Nf4 43. Ra5 Be6 44. Ne3 Ne2+ 45. Kf2 Rb2 46. Rd6 Rf8 47. Rxa7+ Kg8 48. Re7 Nd4+ 49. Kg3 Rxf3+ 50. Kh4 Rb4 51. Rd8+ Rf8 52. Rxd4 Rxd4 53. Rxe6 Re4 54. Nd5 Kg7 55. Kh5 Rf3 56. h4 Rg3 57. Nf6 Ra4 58. Re7+ Kf8 59. Rh7 Ra5 60. Kg6 Rxg4+ 61. Nxg4 h5 62. Nf6 Ra7 63. Rh8+ 1-0

[Event "CCT Chessable Masters Play-In 2025"]
[Site "Online"]
[Date "2025.02.17"]
[Round "1.78"]
[White "Zhukova, Natalia"]
[Black "Banusz, Tamas"]
[Result "0-1"]
[ECO "D35"]
[WhiteElo "2306"]
[BlackElo "2582"]
[PlyCount "102"]
[EventDate "2025.02.13"]
[EventType "swiss"]
[EventCountry "NET"]
[TimeControl "600"]
[WhiteClock "0:00:23"]
[BlackClock "0:02:17"]

1. c4 e6 2. Nc3 d5 3. d4 Nf6 4. cxd5 exd5 5. Bg5 c6 6. e3 Bf5 7. Qf3 Bg6 8. Bxf6 Qxf6 9. Qxf6 gxf6 10. h4 a5 11. Nce2 Bb4+ 12. Kd1 a4 13. a3 Bd6 14. Ng3 Bxg3 15. fxg3 Nd7 16. Nh3 Ke7 17. Be2 b5 18. Rc1 Rac8 19. Nf4 Nb6 20. Kd2 Nc4+ 21. Bxc4 bxc4 22. Nxg6+ hxg6 23. e4 Rb8 24. Rc2 Rb3 25. Re1 Kd7 26. Re3 Rhb8 27. exd5 cxd5 28. Rf3 f5 29. g4 Rxf3 30. gxf3 fxg4 31. fxg4 Rh8 32. h5 gxh5 33. gxh5 Rxh5 34. Kc3 Rh3+ 35. Kb4 Kd6 36. Rf2 Rb3+ 37. Kxa4 Rd3 38. Rxf7 Rxd4 39. Rf6+ Ke5 40. Rf8 Rd2 41. Kb4 Rxb2+ 42. Kc5 Rd2 43. Re8+ Kf4 44. Kb4 Rd1 45. a4 Rb1+ 46. Kc3 Rb3+ 47. Kd2 Ra3 48. Ra8 Ke4 49. a5 Kd4 50. a6 Ra2+ 51. Kd1 Kd3 0-1

[Event "CCT Chessable Masters Play-In 2025"]
[Site "Online"]
[Date "2025.02.17"]
[Round "1.79"]
[White "Ponomariov, Ruslan"]
[Black "Yang, Kaiqi"]
[Result "1-0"]
[ECO "B50"]
[WhiteElo "2628"]
[BlackElo "2481"]
[PlyCount "93"]
[EventDate "2025.02.13"]
[EventType "swiss"]
[EventCountry "NET"]
[TimeControl "600"]
[WhiteClock "0:02:13"]

1. e4 c5 2. Nf3 d6 3. Nc3 Nf6 4. Bc4 e6 5. d4 cxd4 6. Qxd4 Nc6 7. Qd3 Be7 8. Bf4 a6 9. O-O-O Ng4 10. Qe2 Qc7 11. Bb3 O-O 12. Bg3 b5 13. Nd4 Nxd4 14. Rxd4 Ne5 15. Rhd1 Bb7 16. f4 Nc6 17. R4d3 Nb4 18. Rf3 a5 19. Nxb5 Qc6 20. Rd4 a4 21. Rxb4 axb3 22. a3 bxc2 23. Rc3 Qa6 24. Qxc2 Rac8 25. Nc7 Qf1+ 26. Qd1 Qxg2 27. Rxb7 Qxe4 28. Rb4 Qf5 29. Qc2 Qh3 30. Rbc4 Bf6 31. Rd3 d5 32. Rc6 Qf1+ 33. Rd1 Qf3 34. Qd3 Qg4 35. Rd2 Rb8 36. Na6 Rb7 37. Nc5 Rbb8 38. Nd7 Rfc8 39. Nxf6+ gxf6 40. Rxc8+ Rxc8+ 41. Kb1 Rc4 42. Rc2 Re4 43. Ka2 Qf5 44. Rg2 Kf8 45. Qc2 Rc4 46. Qxf5 exf5 47. Rd2 1-0

[Event "CCT Chessable Masters Play-In 2025"]
[Site "Online"]
[Date "2025.02.17"]
[Round "1.80"]
[White "Mikhalevski, Victor"]
[Black "Kozak, Adam"]
[Result "0-1"]
[ECO "A35"]
[WhiteElo "2506"]
[BlackElo "2601"]
[PlyCount "110"]
[EventDate "2025.02.13"]
[EventType "swiss"]
[EventCountry "NET"]
[TimeControl "600"]
[BlackClock "0:00:06"]

1. Nf3 c5 2. c4 Nc6 3. Nc3 g6 4. e3 Bg7 5. d4 d6 6. Be2 e6 7. O-O cxd4 8. exd4 d5 9. Bg5 Nge7 10. Re1 O-O 11. cxd5 exd5 12. Bb5 f6 13. Bf4 a6 14. Bf1 g5 15. Be3 b5 16. Rc1 Bf5 17. Bd3 Qd7 18. h3 Rac8 19. a4 Bxd3 20. Qxd3 Nb4 21. Qd1 Kh8 22. Ra1 Rb8 23. axb5 axb5 24. Qb3 Nbc6 25. Ra6 h6 26. Bd2 Rfd8 27. Raa1 Nf5 28. Ne2 Nce7 29. Qd3 Nd6 30. Ng3 Nef5 31. Nxf5 Nxf5 32. Bb4 Re8 33. Bc5 h5 34. Ra7 Rxe1+ 35. Nxe1 Qe6 36. Nc2 Re8 37. Qxb5 Qe4 38. Ra1 Rg8 39. Qb3 Nh4 40. Ne3 Rd8 41. Qc2 Qe6 42. Qd1 g4 43. hxg4 Bh6 44. Ra3 Rg8 45. g3 hxg4 46. gxh4 g3 47. Qh5 f5 48. Kf1 gxf2 49. Kxf2 Rg6 50. Qf3 f4 51. Nxd5 Rg3 52. Ra8+ Kh7 53. Ra7+ Kh8 54. Qh5 Rg8 55. Be7 Qe3+ 0-1

[Event "CCT Chessable Masters Play-In 2025"]
[Site "Online"]
[Date "2025.02.17"]
[Round "1.81"]
[White "Vokhidov, Shamsiddin"]
[Black "Zarnicki, Pablo"]
[Result "1-0"]
[ECO "B45"]
[WhiteElo "2670"]
[BlackElo "2514"]
[PlyCount "99"]
[EventDate "2025.02.13"]
[EventType "swiss"]
[EventCountry "NET"]
[TimeControl "600"]
[WhiteClock "0:04:20"]
[BlackClock "0:02:06"]

1. e4 c5 2. Nf3 e6 3. d4 cxd4 4. Nxd4 Nf6 5. Nc3 Nc6 6. a3 d6 7. Be3 d5 8. Bb5 Bd7 9. exd5 Nxd5 10. Nxd5 exd5 11. Qf3 Nxd4 12. Bxd7+ Qxd7 13. Bxd4 Qe6+ 14. Kd2 O-O-O 15. Rae1 Qh6+ 16. Kd1 Qg6 17. h4 h5 18. Re5 Kb8 19. Rhe1 Qg4 20. Qxg4 hxg4 21. Re8 Kc8 22. Bxa7 Bd6 23. Rxd8+ Kxd8 24. g3 Kd7 25. Bd4 f6 26. Kd2 Rh5 27. Re3 Rh8 28. Rb3 Kc7 29. a4 Ra8 30. a5 Kc6 31. Rb6+ Kc7 32. b4 Ra6 33. Kd3 Rxb6 34. Bxb6+ Kc6 35. c3 g6 36. Be3 f5 37. Bf4 Bf8 38. Kd4 Bg7+ 39. Be5 Bh6 40. c4 dxc4 41. Kxc4 Bd2 42. b5+ Kd7 43. Bc3 Bc1 44. Kd5 Bh6 45. Be5 Kc8 46. Ke6 Bd2 47. a6 bxa6 48. bxa6 Be1 49. Kf6 Bxf2 50. Kxg6 1-0

[Event "CCT Chessable Masters Play-In 2025"]
[Site "Online"]
[Date "2025.02.17"]
[Round "1.82"]
[White "Pultinevicius, Paulius"]
[Black "Chigaev, Maksim"]
[Result "0-1"]
[ECO "D02"]
[WhiteElo "2566"]
[BlackElo "2632"]
[PlyCount "158"]
[EventDate "2025.02.13"]
[EventType "swiss"]
[EventCountry "NET"]
[TimeControl "600"]
[BlackClock "0:00:03"]

1. d4 Nf6 2. Nf3 d5 3. g3 Bf5 4. Bg2 e6 5. O-O h6 6. c4 Be7 7. Nc3 O-O 8. Qb3 Nc6 9. cxd5 exd5 10. Bf4 Rb8 11. Rac1 a6 12. Rfd1 Be6 13. Ne5 Na7 14. h3 c6 15. g4 Nb5 16. a4 Nd6 17. Qc2 Re8 18. b4 Rc8 19. Rb1 Nd7 20. Qd3 Bf8 21. b5 axb5 22. axb5 Nb6 23. bxc6 bxc6 24. Qg3 Nbc4 25. Nd3 Ne4 26. Nxe4 dxe4 27. Ne5 Nd6 28. Nxc6 Rxc6 29. d5 Bxd5 30. Rxd5 Qf6 31. Rbd1 Nc4 32. R1d4 e3 33. fxe3 g5 34. Rf5 Qg6 35. Bxc6 Qxc6 36. Be5 Ra8 37. Qf3 Ra1+ 38. Kf2 Nxe5 39. Rxe5 Qc1 40. Qg2 Qe1+ 41. Kf3 Ra6 42. Rd8 Kg7 43. Rf5 Re6 44. Qf2 Qc1 45. Rd7 Qc6+ 46. Kg3 Qxd7 47. e4 Bd6+ 48. Kg2 Rxe4 49. Qf3 Rf4 50. Qc3+ Kg8 51. Rd5 Qe6 52. Qd3 Bf8 53. Kg3 Re4 54. Kf3 Re5 55. Rxe5 Qxe5 56. e4 Qe7 57. Kg2 Qf6 58. Qf3 Qb2+ 59. Kg3 Qg7 60. Kg2 Qg6 61. Qf5 Qe6 62. Kf3 Qxf5+ 63. exf5 f6 64. Ke4 Kf7 65. Kd5 Be7 66. Kc6 Bd8 67. Kd5 Ba5 68. Kc6 Bd2 69. Kd7 Bf4 70. Kc6 Bg3 71. Kd7 Bh4 72. Kd8 h5 73. Kd7 hxg4 74. Kd8 Bg3 75. Kd7 gxh3 76. Kd8 h2 77. Kd7 h1=Q 78. Kc8 Qe4 79. Kd7 Qxf5+ 0-1

[Event "CCT Chessable Masters Play-In 2025"]
[Site "Online"]
[Date "2025.02.17"]
[Round "1.83"]
[White "Sindarov, Javokhir"]
[Black "Gholami Orimi, Mahdi"]
[Result "1-0"]
[ECO "C58"]
[WhiteElo "2700"]
[BlackElo "2509"]
[PlyCount "95"]
[EventDate "2025.02.13"]
[EventType "swiss"]
[EventCountry "NET"]
[TimeControl "600"]
[WhiteClock "0:03:25"]
[BlackClock "0:00:51"]

1. e4 e5 2. Nf3 Nc6 3. Bc4 Nf6 4. Ng5 d5 5. exd5 Na5 6. Bb5+ c6 7. dxc6 bxc6 8. Bd3 Nd5 9. Nf3 Bd6 10. O-O Nf4 11. Nc3 O-O 12. Be2 f5 13. d3 g5 14. d4 e4 15. Ne5 Be6 16. g3 Nxe2+ 17. Nxe2 c5 18. d5 Bxe5 19. dxe6 h6 20. Nc3 Re8 21. Qd7 Qxd7 22. exd7 Re7 23. Rd1 Rd8 24. Rd5 Nb7 25. Be3 f4 26. gxf4 gxf4 27. Rxe5 Rxe5 28. Bxf4 Rf5 29. Bxh6 Rxd7 30. Nxe4 c4 31. Be3 Nd6 32. Rd1 Rg7+ 33. Ng3 Ne4 34. Rd8+ Kh7 35. Rd4 Nxg3 36. hxg3 Rc7 37. b3 cxb3 38. cxb3 Rc2 39. Rd7+ Kg6 40. Rxa7 Rd5 41. Kg2 Kf5 42. Kf3 Rd1 43. g4+ Kg6 44. Ra6+ Kf7 45. g5 Rg1 46. a4 Rb2 47. Rb6 Ra2 48. Ke4 1-0

[Event "CCT Chessable Masters Play-In 2025"]
[Site "Online"]
[Date "2025.02.17"]
[Round "1.84"]
[White "Abdisalimov, Abdimalik"]
[Black "Ma, Qun"]
[Result "0-1"]
[ECO "D10"]
[WhiteElo "2533"]
[BlackElo "2645"]
[PlyCount "142"]
[EventDate "2025.02.13"]
[EventType "swiss"]
[EventCountry "NET"]
[TimeControl "600"]
[BlackClock "0:00:50"]

1. d4 d5 2. c4 c6 3. cxd5 cxd5 4. Bf4 Nc6 5. e3 Nf6 6. Bd3 Bg4 7. Qb3 Qd7 8. Nc3 e6 9. Nge2 Be7 10. O-O O-O 11. Rfc1 Rfc8 12. f3 Bh5 13. Na4 Bg6 14. Bb5 Qd8 15. Nc5 Na5 16. Qd1 Qb6 17. Nc3 Bxc5 18. dxc5 Qxc5 19. Bf1 Nh5 20. Na4 Qb4 21. Be5 Nc6 22. Bc3 Qe7 23. b4 Nxb4 24. g4 Nf6 25. h4 h5 26. g5 Ne8 27. Qb3 Nc6 28. Bb2 Nd6 29. Ba3 Qd8 30. Bxd6 Qxd6 31. Qxb7 Ne7 32. f4 Qa3 33. Qb3 Qxb3 34. axb3 Nf5 35. Kf2 Nxh4 36. Ba6 Rxc1 37. Rxc1 Rb8 38. Nc5 Be4 39. Nd7 Rd8 40. Rc7 Nf5 41. Rxa7 h4 42. Bf1 Rc8 43. Ra2 Kh7 44. b4 d4 45. exd4 Bc6 46. Ne5 Bd5 47. Rb2 Ng3 48. Bd3+ Kg8 49. b5 f6 50. gxf6 gxf6 51. Nf3 Nh1+ 52. Ke3 h3 53. Rh2 Ng3 54. Rxh3 Nf5+ 55. Kd2 Nd6 56. Rg3+ Kf7 57. Ne1 Ra8 58. Nc2 Ra2 59. Kc3 Ra8 60. Nb4 Rc8+ 61. Kd2 Bc4 62. Bxc4 Rxc4 63. Rb3 Nxb5 64. Nc2 Rxc2+ 65. Kd3 Rf2 66. Ke3 Rf3+ 67. Kxf3 Nxd4+ 68. Ke4 Nxb3 69. f5 Nc5+ 70. Kf4 e5+ 71. Kg4 Ne4 0-1

[Event "CCT Chessable Masters Play-In 2025"]
[Site "Online"]
[Date "2025.02.17"]
[Round "2.1"]
[White "Hakobyan, Aram"]
[Black "Vachier-Lagrave, Maxime"]
[Result "0-1"]
[ECO "B92"]
[WhiteElo "2635"]
[BlackElo "2729"]
[PlyCount "74"]
[EventDate "2025.02.13"]
[EventType "swiss"]
[EventCountry "NET"]
[TimeControl "600"]
[WhiteClock "0:04:43"]
[BlackClock "0:06:09"]

1. e4 c5 2. Nf3 d6 3. d4 cxd4 4. Nxd4 Nf6 5. Nc3 a6 6. Be2 e5 7. Nb3 Be7 8. O-O O-O 9. Qd3 Be6 10. Nd5 Nxd5 11. exd5 Bc8 12. a4 Nd7 13. a5 f5 14. Nd2 b5 15. axb6 Nxb6 16. c4 a5 17. b3 e4 18. Qe3 Bg5 19. f4 exf3 20. Qxf3 Nd7 21. Kh1 Ne5 22. Qf2 Bd7 23. Nf3 Ng4 24. Qe1 Bf6 25. Ra2 Re8 26. Qg3 Qb6 27. Bd1 Ne3 28. Bxe3 Rxe3 29. Qf4 Rae8 30. Raf2 R8e4 31. Qxe4 Rxe4 32. Bc2 Re3 33. h3 g6 34. g4 f4 35. g5 Be5 36. Kh2 Kg7 37. h4 Bg4 0-1

[Event "CCT Chessable Masters Play-In 2025"]
[Site "Online"]
[Date "2025.02.17"]
[Round "2.2"]
[White "Aronian, Levon"]
[Black "Alekseev, Evgeny"]
[Result "1/2-1/2"]
[ECO "D36"]
[WhiteElo "2745"]
[BlackElo "2505"]
[PlyCount "145"]
[EventDate "2025.02.13"]
[EventType "swiss"]
[EventCountry "NET"]
[TimeControl "600"]
[WhiteClock "0:00:07"]
[BlackClock "0:00:08"]

1. c4 e6 2. Nc3 d5 3. d4 Nf6 4. cxd5 exd5 5. Bg5 c6 6. e3 Nbd7 7. Qc2 Bd6 8. Nf3 O-O 9. Bd3 h6 10. Bh4 Re8 11. O-O Nf8 12. Rae1 Bg4 13. Nd2 Bd7 14. Kh1 Be7 15. Qd1 Bg4 16. f3 Be6 17. Bf2 Rc8 18. e4 dxe4 19. fxe4 b5 20. Bg1 a6 21. Qf3 Qd7 22. Nb3 Rcd8 23. e5 N6h7 24. Ne4 Ng5 25. Nxg5 hxg5 26. Be4 Bd5 27. Rc1 g4 28. Qe2 Ng6 29. Bf5 Be6 30. Qxg4 Bxf5 31. Qxf5 Qd5 32. Qf3 Rc8 33. Be3 Red8 34. Kg1 c5 35. Qxd5 Rxd5 36. Nxc5 Bxc5 37. e6 fxe6 38. Rxc5 Rcxc5 39. dxc5 Ne5 40. Rc1 Nc6 41. Kf2 Kf7 42. Ke2 Re5 43. g4 Ke7 44. h4 Nb4 45. c6 Kd8 46. Kf3 Rd5 47. Rc5 Rxc5 48. Bxc5 Nxc6 49. Ke4 Ke8 50. h5 Kf7 51. g5 Kg8 52. g6 Kh8 53. Bd6 Kg8 54. Kf4 Kh8 55. Bc5 Kg8 56. Kg5 Ne5 57. Bd6 Nc6 58. b3 Nd4 59. Be5 Nc6 60. Bc3 Nd8 61. a4 Nc6 62. axb5 axb5 63. Kf4 Kf8 64. Be5 Kg8 65. Bd6 Nd4 66. b4 Nc6 67. Bc5 Kh8 68. Ke4 Kg8 69. Kf4 Kh8 70. Kg5 Kg8 71. Bd6 Kh8 72. Bc5 Kg8 73. Kf4 1/2-1/2

[Event "CCT Chessable Masters Play-In 2025"]
[Site "Online"]
[Date "2025.02.17"]
[Round "2.3"]
[White "Aravindh, Chithambaram VR."]
[Black "Antipov, Mikhail Al."]
[Result "1/2-1/2"]
[ECO "A37"]
[WhiteElo "2729"]
[BlackElo "2571"]
[PlyCount "144"]
[EventDate "2025.02.13"]
[EventType "swiss"]
[EventCountry "NET"]
[TimeControl "600"]
[WhiteClock "0:00:49"]
[BlackClock "0:01:17"]

1. c4 c5 2. Nf3 g6 3. g3 Bg7 4. Bg2 Nc6 5. O-O d6 6. Nc3 Be6 7. d3 Qc8 8. Ng5 Bf5 9. Nd5 h6 10. Ne4 Qd7 11. Qa4 Rc8 12. Bf4 Nd4 13. Qxa7 Nxe2+ 14. Kh1 Nxf4 15. gxf4 Rd8 16. Rfe1 e6 17. Nec3 Nf6 18. Nb6 Qe7 19. Qxb7 Qxb7 20. Bxb7 Rb8 21. Bc6+ Ke7 22. Nbd5+ Nxd5 23. Nxd5+ Kd8 24. Ne3 Rxb2 25. Nxf5 gxf5 26. Rab1 Kc7 27. Rxb2 Bxb2 28. Bb5 Bd4 29. Kg2 Rg8+ 30. Kf3 e5 31. h3 Bc3 32. Rd1 h5 33. a4 h4 34. Ba6 Kb6 35. Bb5 Kc7 36. Ba6 f6 37. Rb1 Bb4 38. Rd1 Rg7 39. Bb5 Rg6 40. Be8 Rg7 41. Bb5 Ba5 42. Ba6 Bc3 43. Bb5 Rg8 44. Ba6 Bb4 45. Bb5 Ba5 46. Ba6 Re8 47. Bb5 e4+ 48. dxe4 Rxe4 49. Rd5 Re1 50. Rxf5 Rh1 51. Rxf6 Rxh3+ 52. Kg2 Rd3 53. Rf7+ Kd8 54. Rh7 Rd4 55. Rxh4 Ke7 56. Kf3 Bd2 57. Rg4 Kf6 58. f5 Kxf5 59. Rxd4 cxd4 60. Ke2 Ba5 61. Bc6 Ke5 62. Kd3 Bb6 63. Bd5 Ba5 64. f3 Bc3 65. Kc2 Ba5 66. Kd3 Bc3 67. Be4 Bb4 68. Ke2 Kf4 69. Bd5 Ba5 70. Bb7 Bb4 71. Kd3 Bc3 72. Bd5 Ke5 1/2-1/2

[Event "CCT Chessable Masters Play-In 2025"]
[Site "Online"]
[Date "2025.02.17"]
[Round "2.4"]
[White "Svane, Rasmus"]
[Black "Artemiev, Vladislav"]
[Result "1/2-1/2"]
[ECO "D78"]
[WhiteElo "2621"]
[BlackElo "2691"]
[PlyCount "80"]
[EventDate "2025.02.13"]
[EventType "swiss"]
[EventCountry "NET"]
[TimeControl "600"]
[WhiteClock "0:01:40"]
[BlackClock "0:01:37"]

1. Nf3 d5 2. g3 g6 3. Bg2 Bg7 4. d4 Nf6 5. O-O O-O 6. c4 c6 7. Qb3 a5 8. Rd1 a4 9. Qb4 Re8 10. Na3 Qd6 11. Qe1 Be6 12. Bf4 Qd8 13. Ng5 Bf5 14. cxd5 cxd5 15. Qb4 Qd7 16. Rac1 Nc6 17. Qe1 Nh5 18. Be3 Rec8 19. Nb5 Nf6 20. Nf3 Be4 21. Nc3 Bxf3 22. Bxf3 e6 23. Qd2 Ne8 24. Nb5 Ne7 25. Qd3 Nf5 26. Bf4 Rxc1 27. Rxc1 Ra5 28. g4 Nh4 29. Nc7 Nd6 30. Bxd6 Qxd6 31. Ne8 Qb4 32. Nxg7 Kxg7 33. Qe3 Nxf3+ 34. exf3 Qd6 35. Rc5 Ra6 36. h4 h6 37. Rb5 Rb6 38. Rxb6 Qxb6 39. b3 axb3 40. axb3 Qd8 1/2-1/2

[Event "CCT Chessable Masters Play-In 2025"]
[Site "Online"]
[Date "2025.02.17"]
[Round "2.5"]
[White "Suyarov, Mukhammadzokhid"]
[Black "Wei, Yi"]
[Result "1/2-1/2"]
[ECO "B51"]
[WhiteElo "2465"]
[BlackElo "2755"]
[PlyCount "115"]
[EventDate "2025.02.13"]
[EventType "swiss"]
[EventCountry "NET"]
[TimeControl "600"]
[WhiteClock "0:00:24"]
[BlackClock "0:00:42"]

1. e4 c5 2. Nf3 d6 3. Bb5+ Nd7 4. O-O a6 5. Bxd7+ Bxd7 6. a4 g6 7. c3 Nf6 8. Re1 Bc6 9. e5 dxe5 10. Nxe5 Rc8 11. Nxc6 Rxc6 12. Qf3 Bg7 13. Na3 c4 14. Qe2 Qc7 15. d4 cxd3 16. Qxd3 O-O 17. Qf3 e5 18. Bg5 h6 19. Bh4 Nh5 20. Nc2 Rc4 21. Bg3 Nxg3 22. hxg3 Rd8 23. Rad1 Rxd1 24. Rxd1 Rxa4 25. Nb4 a5 26. Nd5 Qd6 27. Qe2 Kh7 28. Qb5 Qc6 29. Qxc6 bxc6 30. Nb6 Ra2 31. Nc4 e4 32. Rd7 f5 33. Rc7 Ra1+ 34. Kh2 Rf1 35. f4 exf3 36. gxf3 Rxf3 37. Kg2 Rd3 38. Rxc6 h5 39. Ra6 Kh6 40. Rxa5 Kg5 41. Ra6 Rd1 42. Re6 Rb1 43. Kh3 Rh1+ 44. Kg2 Rb1 45. Kh3 Kh6 46. Nd6 Kh7 47. Re7 Rxb2 48. Ne8 g5 49. Nxg7 Kg6 50. g4 hxg4+ 51. Kg3 Rd2 52. Nxf5 Kxf5 53. Rf7+ Kg6 54. Rc7 Kh5 55. Rh7+ Kg6 56. Rc7 Kh5 57. Rh7+ Kg6 58. Rc7 1/2-1/2

[Event "CCT Chessable Masters Play-In 2025"]
[Site "Online"]
[Date "2025.02.17"]
[Round "2.6"]
[White "Andreikin, Dmitry"]
[Black "Gledura, Benjamin"]
[Result "0-1"]
[ECO "B10"]
[WhiteElo "2695"]
[BlackElo "2659"]
[PlyCount "98"]
[EventDate "2025.02.13"]
[EventType "swiss"]
[EventCountry "NET"]
[TimeControl "600"]
[WhiteClock "0:00:09"]
[BlackClock "0:00:36"]

1. e4 c6 2. Nf3 d5 3. d3 Qc7 4. exd5 cxd5 5. c4 Nf6 6. Nc3 e6 7. Nb5 Qd8 8. Bf4 Bb4+ 9. Nd2 Na6 10. a3 Be7 11. b4 O-O 12. c5 d4 13. Nc4 Nd5 14. Be5 Bf6 15. Qh5 Nac7 16. Nxd4 b6 17. Nf3 bxc5 18. bxc5 Nf4 19. Bxf6 gxf6 20. Qg4+ Ng6 21. h4 e5 22. Qg3 Kh8 23. Nd6 Ne6 24. h5 Ngf4 25. h6 Qa5+ 26. Nd2 Qc3 27. Rd1 Qxc5 28. N2e4 Qa5+ 29. Rd2 Qxa3 30. Be2 f5 31. Nxf5 Rg8 32. Ng7 Nxg7 33. Qg5 Qa1+ 34. Rd1 Qa5+ 35. Kf1 Ne8 36. Qe7 Ng6 37. Qxf7 Rf8 38. Qb3 Bf5 39. Ng5 Qc7 40. Qa3 Qd6 41. Qa5 Qe7 42. Nf3 Rd8 43. Re1 Nf6 44. g3 Ng4 45. Kg2 Qf6 46. Qxa7 e4 47. dxe4 Bxe4 48. Bd1 Bxf3+ 49. Kg1 Bxd1 0-1

[Event "CCT Chessable Masters Play-In 2025"]
[Site "Online"]
[Date "2025.02.17"]
[Round "2.7"]
[White "Demchenko, Anton"]
[Black "Duda, Jan-Krzysztof"]
[Result "0-1"]
[ECO "B31"]
[WhiteElo "2619"]
[BlackElo "2739"]
[PlyCount "143"]
[EventDate "2025.02.13"]
[EventType "swiss"]
[EventCountry "NET"]
[TimeControl "600"]
[WhiteClock "0:00:03"]
[BlackClock "0:00:32"]

1. e4 c5 2. Nf3 Nc6 3. Bb5 g6 4. O-O Bg7 5. d3 e5 6. a3 Nge7 7. b4 d6 8. Bg5 Bd7 9. bxc5 dxc5 10. Nbd2 h6 11. Be3 b6 12. a4 O-O 13. Nc4 Be6 14. a5 Bxc4 15. Bxc4 Nxa5 16. Ba2 Kh7 17. h4 Qd7 18. h5 Rad8 19. g3 c4 20. dxc4 Qh3 21. Qe2 Nb7 22. c5 Nxc5 23. Bxc5 bxc5 24. Bc4 Rd7 25. Rfd1 Rxd1+ 26. Qxd1 Qxh5 27. Rxa7 Bf6 28. Kg2 Kg7 29. Qd6 Qg4 30. Rxe7 Qxe4 31. Bd3 Bxe7 32. Qxe7 Qc6 33. Qxe5+ f6 34. Qe7+ Rf7 35. Qe3 Qd6 36. Nd2 f5 37. Nc4 Qd5+ 38. Kg1 h5 39. f4 Ra7 40. Kh2 Kh6 41. Qe8 Qd4 42. Kg2 Qd5+ 43. Kf2 Ra8 44. Qe1 Qd4+ 45. Kg2 h4 46. Ne5 Ra1 47. Nf7+ Kg7 48. Qe5+ Kxf7 49. Bc4+ Qxc4 50. Qxa1 Qe2+ 51. Kg1 Qe3+ 52. Kh1 Qf3+ 53. Kg1 Qxg3+ 54. Kh1 Qh3+ 55. Kg1 Qg4+ 56. Kh1 Qf3+ 57. Kg1 Qe3+ 58. Kh1 Qe4+ 59. Kh2 Qxf4+ 60. Kh1 Qf3+ 61. Kh2 Qg3+ 62. Kh1 Qh3+ 63. Kg1 Qg4+ 64. Kh1 Qe4+ 65. Kh2 Qxc2+ 66. Kh1 Qe4+ 67. Kh2 Qf4+ 68. Kh1 Qd4 69. Qa6 Kg7 70. Qb7+ Kh6 71. Qa8 Qe4+ 72. Kh2 0-1

[Event "CCT Chessable Masters Play-In 2025"]
[Site "Online"]
[Date "2025.02.17"]
[Round "2.8"]
[White "Aryan Chopra"]
[Black "Nihal Sarin"]
[Result "0-1"]
[ECO "B04"]
[WhiteElo "2620"]
[BlackElo "2687"]
[PlyCount "74"]
[EventDate "2025.02.13"]
[EventType "swiss"]
[EventCountry "NET"]
[TimeControl "600"]
[WhiteClock "0:05:30"]
[BlackClock "0:06:27"]

1. e4 Nf6 2. e5 Nd5 3. d4 d6 4. Nf3 dxe5 5. Nxe5 c6 6. Bc4 Nd7 7. Nf3 N7f6 8. O-O Bg4 9. h3 Bh5 10. Be2 e6 11. c4 Nb6 12. b3 Be7 13. Bb2 O-O 14. Nbd2 a5 15. a3 Qc7 16. Re1 Rfd8 17. Ne5 Bxe2 18. Qxe2 Bf8 19. Ndf3 h6 20. Rad1 Re8 21. g4 Nfd7 22. h4 Nxe5 23. dxe5 Rad8 24. Bc3 Nc8 25. b4 axb4 26. axb4 Ne7 27. h5 b5 28. c5 Rxd1 29. Rxd1 Nd5 30. Bd2 Ra8 31. Qe4 Be7 32. Kg2 Ra4 33. Qb1 Qd8 34. Qc2 Ra3 35. Rb1 Bg5 36. Nxg5 hxg5 37. Rb3 Nf4+ 0-1

[Event "CCT Chessable Masters Play-In 2025"]
[Site "Online"]
[Date "2025.02.17"]
[Round "2.9"]
[White "Giri, Anish"]
[Black "Fressinet, Laurent"]
[Result "1-0"]
[ECO "C65"]
[WhiteElo "2728"]
[BlackElo "2588"]
[PlyCount "59"]
[EventDate "2025.02.13"]
[EventType "swiss"]
[EventCountry "NET"]
[TimeControl "600"]
[WhiteClock "0:04:17"]
[BlackClock "0:02:17"]

1. e4 e5 2. Nf3 Nc6 3. Bb5 Nf6 4. d3 Bc5 5. Bxc6 dxc6 6. O-O Bd6 7. a4 Bg4 8. h3 Bh5 9. Nbd2 Nd7 10. Nc4 O-O 11. g4 Bg6 12. Kh1 f6 13. Ne3 Re8 14. Nf5 Bf8 15. Be3 a5 16. Rg1 Kh8 17. h4 Bf7 18. Rg3 b5 19. Qd2 g6 20. Nh6 Be6 21. axb5 cxb5 22. Rxa5 Rxa5 23. Qxa5 b4 24. g5 fxg5 25. Bxg5 Qa8 26. Qxa8 Rxa8 27. d4 Ra2 28. Nxe5 Nxe5 29. Bf6+ Bg7 30. dxe5 1-0

[Event "CCT Chessable Masters Play-In 2025"]
[Site "Online"]
[Date "2025.02.17"]
[Round "2.10"]
[White "Vidit, Santosh Gujrathi"]
[Black "Nguyen, Ngoc Truong Son"]
[Result "1/2-1/2"]
[ECO "C54"]
[WhiteElo "2721"]
[BlackElo "2632"]
[PlyCount "67"]
[EventDate "2025.02.13"]
[EventType "swiss"]
[EventCountry "NET"]
[TimeControl "600"]
[WhiteClock "0:02:22"]
[BlackClock "0:04:45"]

1. e4 e5 2. Nf3 Nc6 3. Bc4 Bc5 4. c3 Nf6 5. d3 a6 6. h3 O-O 7. Nbd2 d6 8. O-O Ba7 9. a4 Be6 10. Bxe6 fxe6 11. b4 Qd7 12. Re1 Ne7 13. d4 exd4 14. cxd4 d5 15. e5 Ne4 16. Nxe4 dxe4 17. Rxe4 Nd5 18. Bd2 Rf5 19. Nh4 Rf7 20. Ra3 Raf8 21. Rg3 Ne7 22. Bg5 Qd5 23. Bxe7 Qxe4 24. Rg4 Qxg4 25. Qxg4 Rxe7 26. Nf3 h6 27. b5 axb5 28. axb5 Rd8 29. Qe4 Rd5 30. Qd3 Red7 31. Qg6 Re7 32. Qd3 Red7 33. Qg6 Re7 34. Qd3 1/2-1/2

[Event "CCT Chessable Masters Play-In 2025"]
[Site "Online"]
[Date "2025.02.17"]
[Round "2.11"]
[White "Madaminov, Mukhiddin"]
[Black "Tabatabaei, M. Amin"]
[Result "0-1"]
[ECO "C58"]
[WhiteElo "2521"]
[BlackElo "2666"]
[PlyCount "58"]
[EventDate "2025.02.13"]
[EventType "swiss"]
[EventCountry "NET"]
[TimeControl "600"]
[WhiteClock "0:03:26"]
[BlackClock "0:03:48"]

1. e4 e5 2. Nf3 Nc6 3. Bc4 Nf6 4. Ng5 d5 5. exd5 Na5 6. Bb5+ c6 7. dxc6 bxc6 8. Bd3 Nd5 9. Nf3 Bd6 10. O-O O-O 11. Re1 f5 12. Nxe5 Qf6 13. Nf3 g5 14. Nc3 g4 15. Rb1 gxf3 16. Nxd5 cxd5 17. Qxf3 Be6 18. b3 Rae8 19. Bb2 Qg6 20. h3 Re7 21. Re2 Nc6 22. a3 Nd8 23. Rbe1 Nf7 24. Qe3 Ng5 25. Kf1 Ne4 26. Qd4 Kf7 27. Bxe4 fxe4 28. Rxe4 dxe4 29. Qxd6 Bc4+ 0-1

[Event "CCT Chessable Masters Play-In 2025"]
[Site "Online"]
[Date "2025.02.17"]
[Round "2.12"]
[White "Le, Tuan Minh"]
[Black "Banusz, Tamas"]
[Result "1-0"]
[ECO "D14"]
[WhiteElo "2598"]
[BlackElo "2582"]
[PlyCount "109"]
[EventDate "2025.02.13"]
[EventType "swiss"]
[EventCountry "NET"]
[TimeControl "600"]
[WhiteClock "0:00:37"]
[BlackClock "0:00:09"]

1. d4 d5 2. Nf3 Nf6 3. Bf4 c5 4. c3 cxd4 5. cxd4 Nc6 6. Nc3 Bf5 7. Qb3 Qb6 8. Qxb6 axb6 9. e3 e6 10. Bb5 Bb4 11. O-O Bxc3 12. bxc3 Ke7 13. Nh4 Bc2 14. Rfc1 Ba4 15. Bd3 Rhc8 16. Rab1 Nd7 17. Nf3 h6 18. Nd2 Na5 19. e4 g5 20. Bg3 dxe4 21. Nxe4 Nc4 22. Bxc4 Rxc4 23. Bd6+ Kd8 24. Bb4 Rc7 25. c4 f5 26. Nd6 Nf6 27. f3 Be8 28. a3 Kd7 29. Re1 Ra4 30. d5 exd5 31. Nxe8 Nxe8 32. cxd5 Nf6 33. Re6 Rxb4 34. axb4 Nxd5 35. Rxh6 Rc6 36. Rxc6 bxc6 37. Kf2 Kd6 38. g3 g4 39. Rb3 Ke5 40. fxg4 fxg4 41. Ke2 Kd4 42. b5 c5 43. Ra3 c4 44. Ra8 Kc3 45. Rd8 Nb4 46. Rd6 Kb2 47. Rd4 Kb3 48. Rxg4 Nd5 49. Rd4 Nc3+ 50. Ke1 Nxb5 51. Rd8 c3 52. Rc8 Nd4 53. h4 c2 54. Kd2 Kb2 55. Kd3 1-0